 Dungeon Crawl Stone Soup version 0.31-a0-740-g87205ac768 (webtiles) character file.

Game seed: 1631556640945319500

44233 Newt the Tortoise (level 14, -8/88 HPs)
             Began as a Gargoyle Fighter on Sept 12, 2023.
             Was a High Priest of Makhleb.
             Mangled by Rupert
             ... wielding a +0 great mace of protection
              (10 damage)
             ... on level 15 of the Dungeon.
             The game lasted 00:26:31 (17163 turns).

Newt the Tortoise (Gargoyle Fighter)               Turns: 17163, Time: 00:26:32

Health: -8/88      AC: 38    Str: 25    XL:     14   Next: 27%
Magic:  0/22       EV:  7    Int: 13    God:    Makhleb [*****.]
Gold:   1941       SH:  9    Dex:  9    Spells: 19/23 levels left

rFire   + . .        M - +4 morningstar (protect)
rCold   + . .        t - +0 kite shield
rNeg    + . .        J - +4 plate armour of the Six Ghosts {rC+ Int+4 Stlth+}
rPois   ∞            (no helmet)
rElec   +            b - +1 cloak
rCorr   .            (no gloves)
SInv    .            (no boots)
Will    +....        f - amulet of guardian spirit Stlth
                     a - ring of protection from fire
HPRegen 0.34/turn    u - +4 ring of protection
MPRegen 0.18/turn

%: guardian spirit
@: flying
A: sickness immunity, AC +10, big wings, negative energy resistance 1,
electricity resistance, torment resistance 1, petrification resistance
a: Renounce Religion, Minor Destruction, Lesser Servant of Makhleb, Major
Destruction, Greater Servant of Makhleb


You were on level 15 of the Dungeon.
You worshipped Makhleb.
Makhleb was extremely pleased with you.
You visited 2 branches of the dungeon, and saw 16 of its levels.

You collected 2994 gold pieces.
You spent 1053 gold pieces at shops.

Inventory:

Hand Weapons
 d - a +0 flail of holy wrath
 M - a +4 morningstar of protection (weapon)
 W - a +5 demon blade
Missiles
 A - 14 poisoned darts
 B - 6 boomerangs (quivered)
Armour
 b - a +1 cloak (worn)
 k - +0 fire dragon scales
 t - a +0 kite shield (worn)
 J - the +4 plate armour of the Six Ghosts (worn) {rC+ Int+4 Stlth+}
   (You bought it in a shop on level 8 of the Dungeon)

   Int+4:     It affects your intelligence (+4).
   rC+:       It protects you from cold.
   Stlth+:    It makes you more stealthy.
Jewellery
 a - a ring of protection from fire (left hand)
 e - a ring of magical power
 f - an amulet of guardian spirit (around neck)
 n - a ring of see invisible
 p - a ring of ice
 u - a +4 ring of protection (right hand)
 v - a ring of positive energy
 x - a ring of fire
 U - a ring of wizardry
Wands
 z - a wand of charming (8)
 C - a wand of roots (19)
 H - a wand of flame (26)
 I - a wand of quicksilver (5)
Scrolls
 i - 5 scrolls of teleportation
 j - 3 scrolls of amnesia
 m - 3 scrolls of poison
 o - a scroll of vulnerability
 L - a scroll of fog
 O - a scroll of enchant armour
 Q - a scroll of brand weapon
 S - a scroll of fear
Potions
 c - a potion of haste
 g - 4 potions of curing
 h - 2 potions of mutation
 s - 2 potions of cancellation
 w - 3 potions of ambrosia
 D - a potion of magic
 N - a potion of enlightenment
 P - 2 potions of attraction {unknown}
 T - 2 potions of invisibility {unknown}
Miscellaneous
 q - a phantom mirror (inert)


   Skills:
 - Level 10.0 Fighting
 - Level 12.0 Maces & Flails
 + Level 15.8 Armour
 - Level 6.0 Shields
 - Level 5.4 Spellcasting
 - Level 5.3 Hexes
 - Level 7.0 Earth Magic
 - Level 9.0 Invocations


You had 19 spell levels left.
You knew the following spells:

 Your Spells              Type           Power      Damage    Failure   Level
a - Leda's Liquefaction   Hex/Erth       9%         N/A       88%         4

Your spell library contained the following spells:

 Spells                   Type           Power      Damage    Failure   Level
 Slow                     Hex            68%        N/A       26%         1
 Confusing Touch          Hex            17%        N/A       63%         3
 Sigil of Binding         Hex            17%        N/A       63%         3
 Apportation              Tloc           6%         N/A       94%         1
 Freeze                   Ice            12%        1d3       94%         1
 Necrotise                Necr           12%        1d4       94%         1
 Summon Small Mammal      Summ           12%        N/A       94%         1
 Summon Guardian Golem    Hex/Summ       10%        N/A       94%         3
 Cause Fear               Hex            8%         N/A       95%         4
 Poisonous Vapours        Pois/Air       6%         N/A       98%         2
 Call Canine Familiar     Summ           3%         N/A       100%        3
 Frozen Ramparts          Ice            6%         1d1       100%        3
 Hailstorm                Conj/Ice       3%         3d3       100%        3
 Ignite Poison            Fire/Tmut/Pois 3%         N/A       100%        3
 Mephitic Cloud           Conj/Pois/Air  3%         N/A       100%        3
 Vampiric Draining        Necr           3%         2d6       100%        3
 Anguish                  Hex/Necr       5%         N/A       100%        4
 Dimensional Bullseye     Hex/Tloc       5%         N/A       100%        4
 Sticky Flame             Conj/Fire      3%         2d3       100%        4
 Freezing Cloud           Conj/Ice/Air   1%         6-21      100%        5
 Summon Forest            Summ/Tloc      1%         N/A       100%        5
 Eringya's Noxious Bog    Tmut/Pois      1%         4d6       100%        6
 Enfeeble                 Hex            8%         N/A       100%        7
 Orb of Destruction       Conj           1%         9d5       100%        7
 Spellforged Servitor     Conj/Summ      1%         N/A       100%        7
 Summon Hydra             Summ           1%         N/A       100%        7
 Ignition                 Fire           1%         3d3       100%        8
 Cigotuvi's Dreadful Rot  Necr/Pois/Air  Unusable   N/A       N/A         2

Dungeon Overview and Level Annotations

Branches:
Dungeon (15/15)            Temple (1/1) D:7            Lair (0/5) D:11
    Orc (0/2) D:9          Vaults (0/5) D:13         Depths (0/4) D:15

Altars:
Ashenzari
Cheibriados
Dithmenos
Elyvilon
Fedhas
Gozag
Hepliaklqana
Kikubaaqudgha
Makhleb
Nemelex Xobeh
Okawaru
Qazlal
Ru
Sif Muna
Trog
Uskayaw
Vehumet
Wu Jian
Xom
Yredelemnul
Zin
The Shining One

Shops:
D:5 ?   D:8 *[   D:12 (

Annotations:
D:11 3 runed translucent doors, demibob's ghost, journeyman DsCK
D:15 Rupert


Innate Abilities, Weirdness & Mutations

You are immune to sickness and miasma.
Your stone body is resilient. (AC +10)
You are immune to poison.
Your large and strong wings let you fly.
You resist negative energy. (rN+)
You are resistant to electric shocks. (rElec)
You are resistant to unholy torment.
You are immune to petrification.


Message History

Unknown command.
You feel much better.
Rupert hits you with a +0 great mace of protection.
* * * LOW HITPOINT WARNING * * *
Throw: throwing net
Press: ? - help, Shift-Dir - straight line, f/p - Rupert
Aim: Rupert, wielding a +0 great mace of protection and wearing a +0 ring mail (almost dead, berserk, 61% to hit)
You throw a throwing net. The throwing net barely misses Rupert.
Rupert barely misses you. x2
Unknown command.
Aiming: Charm
Press: ? - help, Shift-Dir - straight line, f/p - Rupert
Aim: Rupert, wielding a +0 great mace of protection and wearing a +0 ring mail (almost dead, berserk, chance to affect: 1%)
Okay, then.
Unknown command.
You feel much better.
Rupert hits you with a +0 great mace of protection!
* * * LOW HITPOINT WARNING * * *
You block Rupert's attack.
You impale Rupert!!
Your weapon exudes an aura of protection.
Rupert is almost dead.
You block Rupert's attack.
Unknown command.
Aiming: Major Destruction (3% risk of failure)
Press: ? - help, Shift-Dir - straight line, f/p - Rupert
Aim: Rupert, wielding a +0 great mace of protection and wearing a +0 ring mail (almost dead, berserk)
The bolt of lightning hits Rupert.
Rupert is almost dead.
Rupert completely misses you.
Rupert hits you with a +0 great mace of protection!!
* * * LOW HITPOINT WARNING * * *
Unknown command.
You don't have enough health at the moment.
Unknown command.
You closely miss Rupert.
Rupert is almost dead.
Rupert hits you with a +0 great mace of protection!
You die...
Rupert roars with triumph.

#.# #....... #.#.#
#..8...# . #.#.# ##.....#
.. #.#.+ ...##....#
#..###.#.# ....##...#
'..((..#.#####.....##..#
#...((.#................
#....@#................
#.....@....###.........
#.....#....# #.........
#...<.####.# ###+#.....
#..... #.#.....#.....
#..... #.#.....#.....
#.########†#.....'.....
#.#........#.....###...
...###...))...#.......#...
......†..)....# ..... #...


You could see Rupert (berserk).

Vanquished Creatures
  Snorg (D:14)
  A fire dragon (D:15)
  A hydra (D:12)
  A catoblepas (D:13)
  An ogre mage (D:15)
  2 vault guards (D:12)
  3 centaur warriors (D:14)
  3 boulder beetles
  7 two-headed ogres
  A tengu warrior (D:13)
  10 skeletal warriors
  A necromancer (D:13)
  A harpy (shapeshifter) (D:14)
  A deep elf pyromancer (D:14)
  12 ugly things
  A manticore (D:15)
  A salamander (shapeshifter) (D:14)
  4 cyclopes
  2 rust devils (D:11)
  Maurice (D:13)
  3 gargoyles
  A tengu conjurer (D:14)
  2 trolls
  A hellwing (D:11)
  3 meliai (D:13)
  15 slime creatures
  A shadow (D:10)
  9 yaks (D:9)
  3 wraiths
  3 humans (D:12)
  4 wyverns
  17 vampire mosquitoes
  A steam dragon (D:4)
  An acid dragon (D:11)
  A water moccasin (D:6)
  A sky beast (D:7)
  An ice beast (D:4)
  2 orc warriors
  3 black bears
  5 ogres
  3 wolves (D:11)
  2 boggarts (D:10)
  8 centaurs
  A phantom (D:4)
  5 kobold brigands
  3 gnoll sergeants
  A bullfrog (D:8)
  4 scorpions
  3 wights (D:7)
  27 killer bees
  3 electric eels (D:11)
  5 howler monkeys
  A lava snake (D:11)
  4 orc priests
  3 sleepcaps (D:5)
  8 hounds
  4 jellies
  4 iguanas (D:5)
  7 orc wizards
  19 gnolls
  11 adders
  2 shadow imps
  A white imp (D:7)
  3 ufetubi
  5 worms
  2 dart slugs
  29 orcs
  10 endoplasms
  3 giant cockroaches
  8 goblins
  11 hobgoblins
  7 jackals (D:1)
  20 kobolds
  2 quokkas (D:4)
  8 ball pythons
  8 bats
  3 frilled lizards
  3 rats
383 creatures vanquished.

Vanquished Creatures (collateral kills)
  A vault warden (D:12)
  An ice dragon (D:15)
  A smoke demon (D:11)
  A red devil (D:11)
4 creatures vanquished.

Vanquished Creatures (others)
  A two-headed ogre (D:10)
1 creature vanquished.

Grand Total: 388 creatures vanquished

Notes
Turn   | Place    | Note
-------+----------+-------------------------------------------
     0 | D:1      | Newt the Gargoyle Fighter began the quest for the Orb.
     0 | D:1      | Reached XP level 1. HP: 14/14 MP: 1/1
   149 | D:1      | Reached XP level 2. HP: 20/20 MP: 2/2
   263 | D:1      | Reached XP level 3. HP: 24/24 MP: 3/3
   802 | D:1      | Reached skill level 5 in Fighting
   956 | D:2      | Reached XP level 4. HP: 31/31 MP: 4/4
   959 | D:2      | Identified the +0 whip "Ypuateew" {elec, rF+ rC+ Will-
                  | Int+4}
   969 | D:2      | Identified the +1 mace "Jellybane" {heavy, Str+5 Dex-4}
  1479 | D:3      | Found a hide-covered altar of Uskayaw.
  2040 | D:4      | Reached XP level 5. HP: 35/35 MP: 5/5
  2062 | D:4      | Noticed a phantom
  2066 | D:4      | Killed a phantom
  2131 | D:4      | Noticed a steam dragon
  2164 | D:4      | Reached skill level 5 in Maces & Flails
  2164 | D:4      | Reached XP level 6. HP: 40/40 MP: 6/6
  2176 | D:4      | Killed a steam dragon
  2352 | D:4      | Noticed an ice beast
  2358 | D:4      | Reached XP level 7. HP: 47/47 MP: 7/7
  2493 | D:4      | You fall into a shaft and drop 3 floors!
  2666 | D:7      | Reached XP level 8. HP: 18/54 MP: 5/8
  2820 | D:7      | Noticed a wyvern
  2827 | D:7      | Killed a wyvern
  2952 | D:7      | Found a staircase to the Ecumenical Temple.
  3037 | D:7      | Reached skill level 4 in Armour
  3056 | Temple   | Entered the Ecumenical Temple
  3076 | Temple   | Became a worshipper of Makhleb the Destroyer
  3181 | D:6      | Reached skill level 5 in Armour
  3465 | D:6      | Reached XP level 9. HP: 59/60 MP: 9/9
  3471 | D:5      | Entered Level 5 of the Dungeon
  3708 | D:5      | Found Ysuxaod's Magic Scroll Shoppe.
  3729 | D:5      | Bought a scroll of identify for 30 gold pieces
  3729 | D:5      | Bought a scroll of identify for 30 gold pieces
  3729 | D:5      | Bought a scroll of identify for 30 gold pieces
  3729 | D:5      | Bought a scroll of identify for 30 gold pieces
  3729 | D:5      | Bought a scroll of identify for 30 gold pieces
  4234 | D:5      | Reached skill level 10 in Fighting
  4295 | D:5      | Reached * piety under Makhleb
  4591 | D:5      | Reached skill level 5 in Shields
  5350 | D:6      | Reached skill level 1 in Invocations
  6200 | D:8      | Found Byirunlyq's Assorted Antiques.
  6216 | D:8      | Reached skill level 5 in Invocations
  6221 | D:8      | Bought a silver ring for 125 gold pieces
  6221 | D:8      | Bought a silvery potion for 22 gold pieces
  6324 | D:8      | Reached XP level 10. HP: 66/68 MP: 13/13
  6351 | D:8      | Identified the +4 leather armour of the Inquisitive Seers
                  | {Regen+}
  6398 | D:8      | Reached ** piety under Makhleb
  6482 | D:8      | Found an iron altar of Okawaru.
  6490 | D:8      | Found a sacrificial altar of Ru.
  6570 | D:8      | Found Laorikk's Antique Armour Shop.
  7345 | D:7      | Identified a scroll of acquirement
  7346 | D:7      | Acquired 969 gold pieces
  7598 | D:8      | Bought a pitted plate armour for 588 gold pieces
  7598 | D:8      | Identified the +4 plate armour of the Six Ghosts {rC+ Int+4
                  | Stlth+} (You bought it in a shop on level 8 of the Dungeon)
  7598 | D:8      | Bought an embroidered scarf for 168 gold pieces
  7813 | D:9      | Found an ornate altar of the Wu Jian Council.
  8065 | D:9      | Noticed a two-headed ogre
  8076 | D:9      | Killed a two-headed ogre
  8416 | D:9      | Reached skill level 10 in Maces & Flails
  8416 | D:9      | Reached XP level 11. HP: 67/72 MP: 17/17
  8528 | D:9      | Found a staircase to the Orcish Mines.
  8621 | D:10     | Entered Level 10 of the Dungeon
  8648 | D:10     | Reached *** piety under Makhleb
  8758 | D:10     | Noticed a two-headed ogre
  8758 | D:10     | Noticed a two-headed ogre
  8777 | D:10     | Killed a two-headed ogre
  8943 | D:10     | Noticed a two-headed ogre
  9634 | D:11     | Reached skill level 1 in Earth Magic
  9638 | D:11     | Reached skill level 1 in Spellcasting
  9638 | D:11     | Reached skill level 1 in Hexes
  9707 | D:11     | Found a staircase to the Lair.
  9707 | D:11     | Noticed a red ugly thing
 10100 | D:11     | Found a runed translucent gate.
 10101 | D:11     | Found a runed translucent gate.
 10101 | D:11     | Found a runed translucent gate.
 10101 | D:11     | Noticed a purple ugly thing
 10101 | D:11     | Noticed a white ugly thing
 10102 | D:11     | Noticed a white ugly thing
 10103 | D:11     | Noticed a red ugly thing
 10103 | D:11     | Noticed a red ugly thing
 10103 | D:11     | Noticed a brown ugly thing
 10155 | D:11     | Found a frozen archway.
 10543 | D:11     | Noticed a cyclops
 10551 | D:11     | Killed a cyclops
 10694 | D:11     | Noticed a cyclops
 10699 | D:11     | Killed a cyclops
 10898 | D:11     | Killed a red ugly thing
 10899 | D:11     | Reached XP level 12. HP: 77/77 MP: 18/18
 11062 | D:11     | Reached skill level 5 in Earth Magic
 11224 | D:11     | Found a runed translucent gate.
 11224 | D:11     | Found a runed translucent gate.
 11229 | D:11     | Noticed a cacodemon
 11229 | D:11     | Noticed demibob's ghost (journeyman DsCK)
 11230 | D:11     | Found a runed translucent gate.
 11268 | D:12     | Found a transporter.
 11276 | D:12     | Found an ornate altar of the Wu Jian Council.
 11278 | D:12     | Found a transporter.
 11284 | D:12     | Noticed a boulder beetle
 11327 | D:12     | Killed a boulder beetle
 11403 | D:12     | Learned a level 4 spell: Leda's Liquefaction
 11561 | D:12     | Reached skill level 5 in Spellcasting
 11569 | D:12     | Reached skill level 5 in Hexes
 11580 | D:12     | Reached **** piety under Makhleb
 11705 | D:12     | Found a transporter.
 11705 | D:12     | Noticed a vault guard
 11706 | D:12     | Noticed a vault guard
 11729 | D:12     | Found a transporter.
 11729 | D:12     | Found an ornate altar of the Wu Jian Council.
 11729 | D:12     | Noticed a vault warden
 11756 | D:12     | Found Dotucwet's Weapon Shop.
 12485 | D:12     | Killed a vault guard
 12486 | D:12     | Reached skill level 6 in Armour
 12497 | D:12     | Killed a vault guard
 12558 | D:12     | Killed a vault warden
 12559 | D:12     | Reached skill level 7 in Armour
 12716 | D:13     | Noticed Maurice
 12754 | D:13     | Noticed a five-headed hydra
 12770 | D:12     | Killed a five-headed hydra
 12771 | D:12     | Reached skill level 8 in Armour
 12931 | D:13     | Killed Maurice
 13172 | D:13     | Reached skill level 9 in Armour
 13172 | D:13     | Reached XP level 13. HP: 69/82 MP: 14/21
 13483 | D:13     | Reached skill level 10 in Armour
 13796 | D:13     | Acquired 916 gold pieces
 13998 | D:13     | Found a gate to the Vaults.
 14160 | D:13     | Reached skill level 11 in Armour
 14595 | D:13     | Reached skill level 12 in Armour
 14935 | D:14     | Noticed Snorg
 14955 | D:14     | Killed Snorg
 15197 | D:14     | Reached skill level 13 in Armour
 15922 | D:14     | Reached skill level 14 in Armour
 16208 | D:14     | Reached ***** piety under Makhleb
 16224 | D:14     | Gained mutation: Your large and strong wings let you fly.
                  | [Gargoyle growth]
 16224 | D:14     | Reached XP level 14. HP: 88/88 MP: 20/22
 16543 | D:15     | Entered Level 15 of the Dungeon
 16805 | D:15     | Found a staircase to the Depths.
 16875 | D:15     | Reached skill level 15 in Armour
 17143 | D:15     | Noticed Rupert
 17157 | D:15     | HP: 3/88 [Rupert/+0 great mace of protection (30)]
 17162 | D:15     | HP: 1/88 [Rupert/+0 great mace of protection (17)]
 17163 | D:15     | Mangled by Rupert

Illustrated notes

Levels and vault maps discovered:
D:1:      orjb1_lava_funnel, layout_loops_ring
D:2:      layout_rooms
D:3:      layout_loops_ring, nicolae_uskayaw_dance_hall
D:4:      minmay_chambers_of_fours, layout_rooms, serial_glass, glass_columns_b,
          glass_columns_c, minmay_surrounded
D:5:      minmay_opposing_rooms, layout_basic, serial_shops, shop,
          wad_floor_pattern_2
D:6:      layout_loops_corners
D:7:      layout_basic, temple_fountains
D:8:      layout_gridville, mainiacjoe_overflow_large_starburst, serial_shops,
          shop, kennysheep_windowed_goal
D:9:      layout_roguey, nzn_wu_jian_contemplation, orc_0_dummy
D:10:     layout_roguey, nicolae_phantomly_mirrored
D:11:     layout_loops_corners, erik_lair_island,
          portal_ice_cave_entry_pillars_1,
          ploomutoo_gammafunk_ghost_potion_laboratory,
          nicolae_where_there's_smoke
D:12:     dreamdust_wu_jian_sword_trials, layout_stronghold, serial_shops, shop
D:13:     layout_rooms, david_vaults_1, uniq_maurice
D:14:     layout_irregular_city, nrook_mini_vaults, uniq_snorg
D:15:     grunt_enter_depths_hoard, layout_irregular_city,
          okawaru_metal_pillars_1_2, uniq_jorgrun, uniq_rupert, uniq_nessos
Temple:   nicolae_temple_bog_church

Skill      XL: |  1  2  3  4  5  6  7  8  9 10 11 12 13 14 |
---------------+-------------------------------------------+-----
Fighting       | 4 5 6 8 10 | 10.0
Maces & Flails | 3 5 6 8 10 12 | 12.0
Armour         | 5 9 14 15 | 15.8
Shields        | 6 |  6.0
Invocations    | 5 9 |  9.0
Earth Magic    | 4 7 |  7.0
Spellcasting   | 3 5 |  5.4
Hexes          | 3 5 |  5.3

Action                     |  1- 3 |  4- 6 |  7- 9 | 10-12 | 13-15 || total
---------------------------+-------+-------+-------+-------+-------++-------
  Melee: Flail             |   144 |     4 |   311 |   216 |   103 ||   778
         Mace              |       |    86 |       |       |       ||    86
         Whip              |       |     1 |       |       |       ||     1
         Morningstar       |       |       |       |   474 |   428 ||   902
  Throw: Dart              |       |       |       |    18 |     8 ||    26
         Boomerang         |       |       |       |     4 |       ||     4
         Throwing net      |       |       |       |       |     2 ||     2
 Invoke: Lesser Servant of |       |       |       |     2 |       ||     2
         Major Destruction |       |       |       |       |     1 ||     1
  Evoke: Wand              |       |       |       |    12 |     8 ||    20
         Phantom mirror    |       |       |       |     2 |     1 ||     3
    Use: Scroll            |       |     9 |    11 |    12 |     2 ||    34
         Potion            |       |     1 |     4 |     4 |     3 ||    12
   Stab: Distracted        |       |       |     2 |     2 |     1 ||     5
 Armour: Scale mail        |   121 |   107 |   312 |     6 |       ||   546
         Plate armour      |       |       |       |   670 |   613 ||  1283
         Leather armour    |       |       |       |    59 |       ||    59
         Skin              |       |       |       |     8 |       ||     8
  Dodge: Dodged            |    85 |    79 |   174 |   214 |   139 ||   691
  Block: Buckler           |    30 |    27 |    76 |    23 |       ||   156
         Kite shield       |       |       |       |   307 |   254 ||   561

Table legend: (Time is in decaauts)
 A = Elapsed time spent in this place.
 B = Non-inter-level travel time spent in this place.
 C = Inter-level travel time spent in this place.
 D = Time resting spent in this place.
 E = Time spent auto-exploring this place.
 F = Levels seen in this place.
 G = Mean time per level.
                   A        B        C        D        E       F      G
               +--------+--------+--------+--------+--------+-----+--------+
         Total |  17305 |  16677 |    628 |   4241 |   8876 |  16 | 1081.6 |
       Dungeon |  17264 |  16675 |    589 |   4241 |   8876 |  15 | 1150.9 |
        Temple |     40 |      1 |     39 |      0 |      0 |   1 |   40.0 |
               +--------+--------+--------+--------+--------+-----+--------+

Top non-repeatable levels by time:
    D:14: 1842 daAuts
    D:13: 1790 daAuts
    D:11: 1704 daAuts
    D:12: 1625 daAuts
     D:7: 1295 daAuts
     D:6: 1256 daAuts
     D:8: 1164 daAuts
     D:9: 1020 daAuts
     D:5: 1002 daAuts
     D:1: 986 daAuts
    D:10: 967 daAuts
     D:4: 953 daAuts
    D:15: 619 daAuts
     D:3: 546 daAuts
     D:2: 490 daAuts
